 Dungeon Crawl Stone Soup version 0.24.0-1-gfbc8707122 (webtiles) character file.

Game seed: 15562609222965174457, levelgen mode: deterministic

5752 theanonym the Severer (level 10, -4/84 HPs)
             Began as a Deep Dwarf Gladiator on Oct 26, 2019.
             Was a Priest of Makhleb.
             Slain by Gastronok (26 damage)
             ... on level 1 of the Lair of Beasts.
             The game lasted 00:17:23 (7458 turns).

theanonym the Severer (Deep Dwarf Gladiator)        Turns: 7458, Time: 00:17:24

Health: -4/84      AC: 17    Str: 21    XL:     10   Next: 49%
Magic:  3/3        EV:  8    Int:  9    God:    Makhleb [***...]
Gold:   101        SH:  0    Dex: 14    Spells: 9/9 levels left

rFire    . . .     SeeInvis .   p - +0 battleaxe (curse)
rCold    . . .     Gourm    .   (shield currently unavailable)
rNeg     . . .     Faith    .   C - +0 plate armour
rPois    +         Spirit   .   g - +2 helmet
rElec    .         Reflect  .   k - scarf {repulsion}
rCorr    .         Harm     .   i - +0 pair of gloves
MR       ++...                  u - +0 pair of boots
Stlth    ..........             y - amulet of the acrobat
HPRegen  0.00/turn              z - +1 ring of evasion
MPRegen  0.08/turn              E - ring "Loin" {rPois MR+}

@: non-regenerating, slowed, repel missiles, very slow
A: damage resistance, heal wounds, sense surroundings 2, no regeneration
a: Heal Wounds, Minor Destruction, Lesser Servant of Makhleb, Renounce Religion


Innate Abilities, Weirdness & Mutations

You are resistant to damage.
You can heal yourself by infusing magical energy.
You passively map the area around you.
You do not regenerate.


   Skills:
 + Level 3.3 Fighting
 * Level 15.6 Axes
 - Level 1.7 Throwing
 + Level 4.2 Armour
 - Level 3.2 Dodging


You had 9 spell levels left.
You didn't know any spells.
Your spell library contained the following spells:

 Spells                   Type           Power        Failure   Level  Hunger
 Magic Dart               Conj           #...         100%        1    ##.....
 Blink                    Tloc           N/A          100%        2    ###....
 Call Imp                 Summ           #.......     100%        2    ###....
 Slow                     Hex            #.......     100%        2    ###....
 Conjure Flame            Conj/Fire      #.......     100%        3    ####...
 Mephitic Cloud           Conj/Pois/Air  #.......     100%        3    ####...

Skill      XL: |  1  2  3  4  5  6  7  8  9 10 |
---------------+-------------------------------+-----
Axes           | 4 5 6 7 8 10 12 15 | 15.6
Armour         | 2 4 |  4.2
Fighting       | 3 |  3.3
Throwing       | |  1.7
Dodging        | |  3.2

Action                   |  1- 3 |  4- 6 |  7- 9 | 10-12 || total
-------------------------+-------+-------+-------+-------++-------
Melee: War axe           |   130 |   159 |   416 |       ||   705
       Battleaxe         |       |       |    37 |   230 ||   267
 Abil: Heal Wounds       |     2 |     6 |     9 |    10 ||    27
Evoke: Wand              |       |       |     2 |    14 ||    16
  Use: Scroll            |       |     8 |     7 |       ||    15
       Potion            |       |     2 |     3 |       ||     5
 Stab: Sleeping          |       |     1 |       |       ||     1
       Invisible         |       |       |     3 |       ||     3
       Paralysed         |       |       |       |     1 ||     1
  Eat: Chunk             |     1 |     6 |    10 |     6 ||    23
       Ration            |       |       |     1 |       ||     1
Armor: Leather armour    |    29 |     5 |       |       ||    34
       Skin              |       |    30 |     5 |       ||    35
       Chain mail        |       |    41 |   207 |    55 ||   303
       Plate armour      |       |       |       |   108 ||   108
Dodge: Dodged            |    82 |    89 |   161 |   146 ||   478
       Deflected         |       |     4 |     4 |     4 ||    12

Inventory:

Hand Weapons
 p - a cursed +0 battleaxe (weapon)
Missiles
 d - 4 throwing nets (quivered)
Armour
 c - a +1 chain mail of cold resistance
 g - a +2 helmet (worn)
 i - a +0 pair of gloves (worn)
 k - a scarf of repulsion (worn)
 u - a +0 pair of boots (worn)
 C - a +0 plate armour (worn)
Magical Staves
 v - a cursed staff of fire {unknown}
 w - an uncursed staff of wizardry {unknown}
Jewellery
 a - an uncursed ring of protection from fire
 l - an uncursed ring of fire {unknown}
 y - an amulet of the acrobat (around neck)
 z - a +1 ring of evasion (left hand)
 E - the ring "Loin" (right hand) {rPois MR+}

   [ring of poison resistance]

   It protects you from poison.
   It affects your resistance to hostile enchantments.
Wands
 m - a wand of paralysis (1)
Scrolls
 b - 2 scrolls of noise {unknown}
 f - a scroll of fog
 j - 3 scrolls of amnesia {unknown}
 n - 4 scrolls of remove curse
 o - 3 scrolls of magic mapping {unknown}
 r - 4 scrolls of identify
 s - 2 scrolls of fear {unknown}
 t - 7 scrolls of teleportation
 x - 2 scrolls of enchant armour {unknown}
 B - 3 scrolls of blinking
 D - 2 scrolls of immolation {unknown}
Potions
 h - 2 potions of brilliance
 q - 6 potions of mutation
 A - 2 potions of flight
Comestibles
 e - 14 rations


You were on level 1 of the Lair of Beasts.
You worshipped Makhleb.
Makhleb was most pleased with you.
You were hungry.

You visited 2 branches of the dungeon, and saw 10 of its levels.

You collected 492 gold pieces.
You spent 391 gold pieces at shops.

Dungeon Overview and Level Annotations

Branches:
Dungeon (9/15)             Temple (0/1) D:7            Lair (1/6) D:9
    Orc: D:9-12

Altars:
Ashenzari
Gozag
Kikubaaqudgha
Makhleb
Okawaru
Ru
Sif Muna
Trog
Uskayaw
Wu Jian
Xom
Zin

Shops:
D:6 =

Annotations:
D:9 exclusions: 3 electric eels and 6 more exclusions
Lair:1 Gastronok

# ###.....## ###
###P....#..# * * *
#P###.........!# ,
..#.#..........## *
.##..^^^..^.....#
.....^....^^....##
.............^...##
..................# * *
......^..^.^....@## *,,
.##........^^^b.w# ,, ,
** ,
####^..^......^.#.....w.
#(....^...........%.. ,
##......^.........../ ,
, ##..................
*..................
..P#####.. .....". *,.##
#..,....... , ,


You could see Gastronok and a bat.

Notes
Turn   | Place    | Note
-------+----------+-------------------------------------------
     0 | D:1      | theanonym the Deep Dwarf Gladiator began the quest for the
                  | Orb.
     0 | D:1      | Reached XP level 1. HP: 19/19 MP: 1/1
   245 | D:1      | Reached XP level 2. HP: 19/26 MP: 2/2
   247 | D:1      | Reached skill level 4 in Axes
   591 | D:2      | Found a faded altar of an unknown god.
   598 | D:2      | HP: 13/26 [leopard gecko (2)]
   884 | D:2      | Found an opulent altar of Gozag.
   988 | D:2      | Reached XP level 3. HP: 30/32 MP: 3/3
  1259 | D:3      | Reached skill level 5 in Axes
  1302 | D:3      | HP: 12/32 [worm (6)]
  1308 | D:3      | HP: 5/32 [worm (7)]
  1313 | D:3      | Noticed an angel
  1315 | D:3      | Found a shimmering altar of Xom.
  1358 | D:3      | Reached XP level 4. HP: 32/39 MP: 3/3
  1391 | D:3      | Found a glowing silver altar of Zin.
  1470 | D:3      | HP: 19/39 [orc/+0 trident (2)]
  1474 | D:3      | HP: 9/39 [orc/+2 spear of freezing (6)]
  1511 | D:3      | Found an iron altar of Okawaru.
  1522 | D:3      | Reached skill level 6 in Axes
  1963 | D:3      | Reached XP level 5. HP: 24/45 MP: 3/3
  2068 | D:4      | Noticed Grinder
  2072 | D:4      | Paralysed by Grinder for 6 turns
  2123 | D:4      | HP: 22/45 [orc priest/divine providence (10)]
  2251 | D:4      | HP: 18/45 [orc priest/divine providence (14)]
  2264 | D:4      | Reached skill level 7 in Axes
  2345 | D:4      | HP: 21/45 [orc wizard/magic dart (2)]
  2350 | D:4      | HP: 14/45 [orc wizard/magic dart (5)]
  2353 | D:4      | Reached XP level 6. HP: 16/52 MP: 3/3
  2389 | D:4      | Found a burning altar of Makhleb.
  2468 | D:4      | Paralysed by Grinder for 2 turns
  2470 | D:4      | Killed Grinder
  2470 | D:4      | Reached skill level 8 in Axes
  2676 | D:4      | Became a worshipper of Makhleb the Destroyer
  2719 | D:4      | Found a shattered altar of Ashenzari.
  2814 | D:5      | Entered Level 5 of the Dungeon
  2868 | D:5      | Reached XP level 7. HP: 38/58 MP: 4/4
  2947 | D:5      | Found a hide-covered altar of Uskayaw.
  2995 | D:5      | Reached skill level 9 in Axes
  3011 | D:5      | HP: 23/58 [ogre/+0 giant spiked club (9)]
  3025 | D:5      | HP: 16/58 [phantom (4)]
  3129 | D:5      | Found a burning altar of Makhleb.
  3262 | D:5      | Reached skill level 10 in Axes
  3334 | D:5      | Found a sacrificial altar of Ru.
  3617 | D:5      | Noticed Menkaure
  3632 | D:5      | Killed Menkaure
  4136 | D:5      | Reached XP level 8. HP: 46/66 MP: 3/3
  4233 | D:6      | Found Hobro's Jewellery Shoppe.
  4348 | D:6      | Reached skill level 11 in Axes
  4433 | D:6      | Reached * piety under Makhleb
  4555 | D:6      | HP: 28/66 [orc priest/divine providence (10)]
  4590 | D:6      | Found an ornate altar of the Wu Jian Council.
  4749 | D:6      | Reached skill level 12 in Axes
  4940 | D:7      | Found a shimmering blue altar of Sif Muna.
  5025 | D:7      | Gained mutation: You passively map the area around you.
                  | [Deep Dwarf growth]
  5025 | D:7      | Reached XP level 9. HP: 73/73 MP: 4/4
  5052 | D:7      | Reached skill level 13 in Axes
  5184 | D:7      | Found a staircase to the Ecumenical Temple.
  5419 | D:8      | Noticed Grum
  5429 | D:8      | Reached ** piety under Makhleb
  5431 | D:8      | HP: 31/73 [something (13)]
  5432 | D:8      | HP: 8/73 [something (9)]
  5588 | D:8      | Reached skill level 14 in Axes
  5680 | D:8      | Found a hide-covered altar of Uskayaw.
  5706 | D:8      | Reached skill level 1 in Armour
  5816 | D:8      | Reached skill level 2 in Armour
  5828 | D:8      | Killed Grum
  5828 | D:8      | Reached skill level 15 in Axes
  5828 | D:8      | Reached XP level 10. HP: 66/80 MP: 5/5
  5863 | D:8      | Found a bloodstained altar of Trog.
  5872 | D:8      | Reached skill level 2 in Fighting
  5893 | D:8      | Reached skill level 3 in Armour
  5952 | D:8      | Reached *** piety under Makhleb
  5961 | D:8      | Found an ancient bone altar of Kikubaaqudgha.
  6461 | D:6      | Bought the ring "Loin" {rPois MR+} for 391 gold pieces
  6668 | D:9      | HP: 38/82 [electric eel/bolt of electricity (10)]
  6669 | D:9      | Reached skill level 3 in Fighting
  6701 | D:9      | Reached skill level 4 in Armour
  6726 | D:9      | Found a staircase to the Lair.
  6779 | D:9      | HP: 41/84 [orc priest/divine providence (5)]
  6785 | D:9      | HP: 38/84 [electric eel/bolt of electricity (7)]
  6951 | D:9      | Reached **** piety under Makhleb
  7123 | D:9      | HP: 38/84 [electric eel/bolt of electricity (11)]
  7261 | D:9      | HP: 16/84 [electric eel/bolt of electricity (4)]
  7310 | Lair:1   | Entered Level 1 of the Lair of Beasts
  7416 | Lair:1   | Noticed Gastronok
  7432 | Lair:1   | HP: 42/84 [Gastronok/the air (14)]
  7435 | Lair:1   | HP: 19/84 [Gastronok (23)]
  7439 | Lair:1   | HP: 5/84 [Gastronok/the air (23)]
  7448 | Lair:1   | HP: 41/84 [Gastronok (3)]
  7456 | Lair:1   | HP: 22/84 [Gastronok (6)]
  7458 | Lair:1   | Slain by Gastronok

Vanquished Creatures
  Grinder (D:4)
  A spriggan (D:7)
  Grum (D:8)
  2 hungry ghosts (D:8)
  Menkaure (D:5)
  5 orc warriors
  2 ice beasts
  3 black bears
  A sky beast (D:9)
  2 ogres
  A phantom (D:5)
  3 wolves (D:8)
  2 centaurs
  5 bullfrogs
  A water moccasin skeleton (D:6)
  2 scorpions
  20 killer bees
  7 wights
  2 electric eels (D:9)
  2 howler monkeys
  6 crimson imps
  3 jellies
  A bullfrog zombie (D:8)
  A centaur skeleton (D:7)
  A gnoll shaman (D:9)
  4 orc priests
  5 hounds
  13 orc wizards
  A bullfrog skeleton (D:3)
  2 iguanas
  8 worker ants
  A hound skeleton (D:4)
  3 gnolls (D:9)
  4 adders
  2 shadow imps (D:5)
  An ooze (D:3)
  5 worms
  A dart slug (D:3)
  3 leopard geckos
  51 orcs
  2 bats
  A bat zombie (D:8)
  4 giant cockroaches
  8 goblins
  9 hobgoblins
  2 quokkas
  3 frilled lizards
  A jackal zombie (D:5)
  6 kobolds
  6 rats
  3 rat zombies (D:8)
  A plant (Lair:1)
226 creatures vanquished.

Vanquished Creatures (others)
  An orc (D:6)
1 creature vanquished.

Grand Total: 227 creatures vanquished

Table legend:
 A = Turns spent in this place as a percentage of turns spent in the entire game.
 B = Non-inter-level travel turns spent in this place as a percentage of non-inter-level travel turns spent in the entire game.
 C = Inter-level travel turns spent in this place as a percentage of turns spent in this place.
 D = Turns resting spent in this place as a percentage of non-inter-level travel turns spent in this place.
 E = Turns spent auto-exploring this place as a percentage of non-inter-level travel turns spent in this place.
 F = Non-inter-level travel turns spent in this place divided by the number of levels of this place that you've seen.
                   A       B       C       D       E      F
               +-------+-------+-------+-------+-------+----------------------
         Total | 100.0 | 100.0 |   7.1 |   7.8 |  66.9 | 692.8
       Dungeon |  98.0 |  97.9 |   7.2 |   7.8 |  66.8 | 753.4
          Lair |   2.0 |   2.1 |   0.7 |   5.4 |  70.7 | 147.0
               +-------+-------+-------+-------+-------+----------------------
